 Dungeon Crawl Stone Soup version 0.28-a0-1622-gc30f734a66 (webtiles) character file.

Game seed: 2638457988087506241

130111 Colgate the Minotaur Blade (level 16, -1/165 HPs)
             Began as a Minotaur Gladiator on Jan 20, 2022.
             Was a Follower of Yredelemnul.
             Slain by a spriggan rider (2 damage)
             ... on level 4 of the Swamp on Jan 23, 2022.
             The game lasted 03:56:15 (28406 turns).

Colgate the Minotaur Blade (Minotaur Gladiator)    Turns: 28406, Time: 03:56:16

Health: -1/165     AC: 47    Str: 35    XL:     16   Next: 52%
Magic:  10/16      EV: 10    Int:  5    God:    Yredelemnul [*.....]
Gold:   2801       SH: 11    Dex: 17    Spells: 15/15 levels left

rFire   . . .      SeeInvis .   a - +2 scimitar (flame)
rCold   . . .      Faith    .   L - +0 buckler
rNeg    . . .      Spirit   .   y - +15 Maxwell's patent armour {-Cast -Tele rElec Will+ rCorr}
rPois   +          Reflect  +   B - +2 hat
rElec   +          Harm     +   c - +1 cloak "Gess" {Harm rPois Str+8}
rCorr   +          Rampage  .   J - +1 pair of gloves {Str+3}
Will    ++...      NoTele   +   i - +1 pair of boots
Stlth   .......... NoCast   +   l - amulet of reflection
HPRegen 0.37/turn               T - +4 ring of slaying
MPRegen 0.15/turn               n - ring of the Tortoise {AC+8}

@: no status effects
A: horns 2, retaliatory headbutt, agile 1, MP-powered wands
a: Renounce Religion, Recall Undead Harvest


You were on level 4 of the Swamp.
You worshipped Yredelemnul.
Yredelemnul was noncommittal.
You visited 4 branches of the dungeon, and saw 27 of its levels.
You also visited: Ice Cave.

You collected 3185 gold pieces.
You spent 384 gold pieces at shops.

Inventory:

Hand Weapons
 a - a +2 scimitar of flaming (weapon)
 b - a +6 hunting sling of freezing
Missiles
 d - 5 throwing nets (quivered)
 g - 27 poisoned darts
 h - 652 stones
 x - 159 sling bullets
 A - 2 curare-tipped darts
 C - 22 boomerangs
 E - 6 atropa-tipped darts
 I - 7 javelins
 K - 6 silver javelins
Armour
 c - the +1 cloak "Gess" (worn) {Harm rPois Str+8}
   (You acquired it on level 5 of the Dungeon)

   Str:       It affects your strength (+8).
   rPois:     It protects you from poison.
   Harm:      It increases damage dealt and taken.
 i - a +1 pair of boots (worn)
 y - the +15 Maxwell's patent armour (worn) {-Cast -Tele rElec Will+ rCorr}
   (You acquired it on level 5 of the Dungeon)

   rElec:     It insulates you from electricity.
   -Cast:     It prevents spellcasting.
   -Tele:     It prevents most forms of teleportation.
   rCorr:     It protects you from acid and corrosion.
   Will:      It increases your willpower.
 B - a +2 hat (worn)
 J - a +1 pair of gloves of strength (worn)
 L - a +0 buckler (worn)
Jewellery
 k - the ring of the Inquisitive Queens {rC+ Will+ Str+2 Dex+3 Stlth-}
   (You acquired it on level 5 of the Dungeon)

   [ring of willpower]

   Str:       It affects your strength (+2).
   Dex:       It affects your dexterity (+3).
   rC:        It protects you from cold.
   Will:      It increases your willpower.
   Stlth:     It makes you less stealthy.
 l - an amulet of reflection (around neck)
 n - the ring of the Tortoise (right hand) {AC+8}
   (You found it on level 12 of the Dungeon)

   [ring of protection]

   AC:        It affects your AC (+8).
 u - a ring of positive energy
 T - a +4 ring of slaying (left hand)
 W - an amulet of guardian spirit
Wands
 q - a wand of flame (39)
 t - a wand of digging (4)
 v - a wand of acid (6)
 O - a wand of mindburst (19)
 P - a wand of charming (12)
 V - a wand of iceblast (10)
 Z - a wand of polymorph (3)
Scrolls
 o - 9 scrolls of vulnerability
 Q - a scroll of fear
 R - 2 scrolls of summoning
Potions
 e - 2 potions of might
 j - 2 potions of haste
 m - 4 potions of lignification
 p - 3 potions of invisibility
 r - 14 potions of curing
 s - a potion of ambrosia
 z - 7 potions of attraction
 F - 5 potions of heal wounds
 G - a potion of cancellation
 H - a potion of resistance
 M - 4 potions of flight
 X - 2 potions of berserk rage
Miscellaneous
 f - a condenser vane (inert)
 w - a box of beasts
 D - a tin of tremorstones (inert)
 N - a phantom mirror
 S - a lightning rod (4/4)
 U - a tin of tremorstones (inert)
 Y - a condenser vane (inert)


   Skills:
 + Level 20.9 Fighting
 - Level 21.0 Long Blades
 - Level 8.3 Staves
 - Level 12.2(12.3) Slings
 - Level 2.0(7.4) Throwing
 - Level 11.0 Armour
 - Level 3.2 Dodging
 - Level 1.2 Stealth
 - Level 7.0 Shields
 - Level 2.1 Invocations


You had 15 spell levels left.
You didn't know any spells.
Your spell library contained the following spells:

 Spells                   Type           Power      Damage    Failure   Level
 Sandblast                Erth           0%         2d4       98%         1
 Summon Small Mammal      Summ           0%         N/A       98%         1
 Blink                    Tloc           0%         N/A       99%         2
 Passwall                 Tmut/Erth      0%         N/A       99%         2
 Call Canine Familiar     Summ           0%         N/A       100%        3
 Dazzling Flash           Conj/Hex       0%         N/A       100%        3
 Frozen Ramparts          Ice            0%         1d2       100%        3
 Gell's Gravitas          Tloc           0%         N/A       100%        3
 Lesser Beckoning         Tloc           0%         N/A       100%        3
 Stone Arrow              Conj/Erth      0%         3d7       100%        3
 Summon Guardian Golem    Hex/Summ       0%         N/A       100%        3
 Teleport Other           Tloc           0%         N/A       100%        3
 Hailstorm                Conj/Ice       0%         3d3       100%        4
 Ice Form                 Ice/Tmut       0%         N/A       100%        4
 Iskenderun's Mystic Bla  Conj/Tloc      0%         2d3       100%        4
 Passage of Golubria      Tloc           0%         N/A       100%        4
 Petrify                  Tmut/Erth      0%         N/A       100%        4
 Summon Ice Beast         Ice/Summ       0%         N/A       100%        4
 Alistair's Intoxication  Tmut/Pois      0%         N/A       100%        5
 Blade Hands              Tmut           0%         N/A       100%        5
 Borgnjor's Vile Clutch   Necr/Erth      0%         N/A       100%        5
 Irradiate                Conj/Tmut      0%         3d13      100%        5
 Manifold Assault         Tloc           0%         N/A       100%        5
 Metabolic Englaciation   Hex/Ice        0%         N/A       100%        5
 Silence                  Hex/Air        0%         N/A       100%        5
 Summon Forest            Summ/Tloc      0%         N/A       100%        5
 Summon Mana Viper        Hex/Summ       0%         N/A       100%        5
 Eringya's Noxious Bog    Tmut/Pois      0%         N/A       100%        6
 Simulacrum               Ice/Necr       0%         N/A       100%        6
 Starburst                Conj/Fire      0%         6d3       100%        6
 Statue Form              Tmut/Erth      0%         N/A       100%        6
 Summon Cactus Giant      Summ           0%         N/A       100%        6
 Dragon Form              Tmut           0%         N/A       100%        7
 Storm Form               Tmut/Air       0%         N/A       100%        7
 Lehudib's Crystal Spear  Conj/Erth      0%         10d2      100%        8


Dungeon Overview and Level Annotations

Branches:
Dungeon (15/15)            Temple (0/1) D:6            Lair (6/6) D:10
  Swamp (4/4) Lair:4        Snake (0/4) Lair:3        Slime (0/5) Lair:5
    Orc (2/2) D:10            Elf (0/3) Orc:2        Vaults (0/5) D:14
 Depths (0/4) D:15          IceCv (visited)

Altars:
Cheibriados
Elyvilon
Fedhas
Gozag
Kikubaaqudgha
Makhleb
Okawaru
Qazlal
Uskayaw
Vehumet
Wu Jian
Xom
Yredelemnul
Zin
The Shining One
Beogh
Jiyva

Shops:
D:5 *   D:8 (   Orc:2 !?=(

Annotations:
Swamp:4 Roxanne


Innate Abilities, Weirdness & Mutations

You have a pair of horns on your head.
You reflexively headbutt those who attack you in melee.
You are agile. (Dex +2)
You expend magic power (3 MP) to strengthen your wands.


Message History

The burst of rock shards engulfs the four-headed hydra!!
The burst of rock shards engulfs the shambling mangrove!
The burst of rock shards engulfs the four-headed hydra!!
The tin is emptied!
The goliath frog is engulfed in noxious fumes.
The goliath frog appears confused.
The grasping roots constrict you.
You block the six-headed hydra's attack.
The six-headed hydra bites you but does no damage. x3
You block the six-headed hydra's attack.
The six-headed hydra bites you!
* * * LOW HITPOINT WARNING * * *
Unknown command.
You chop one of the six-headed hydra's heads off!
The flame cauterises the wound!
You slash the five-headed hydra! You burn the five-headed hydra.
The five-headed hydra is heavily wounded.
The grasping roots constrict you.
* * * LOW HITPOINT WARNING * * *
You block the four-headed hydra's attack.
The four-headed hydra barely misses you.
You block the four-headed hydra's attack.
The four-headed hydra bites you.
* * * LOW HITPOINT WARNING * * *
Unknown command.
Okay, then.
You escape the roots' grasp.
The spriggan rider seems to regain its courage.
You block the five-headed hydra's attack. x2
The five-headed hydra bites you!
* * * LOW HITPOINT WARNING * * *
The five-headed hydra barely misses you.
The five-headed hydra bites you but does no damage.
The spriggan rider seems less confused.
The spriggan rider hits you from afar with a +0 spear.
* * * LOW HITPOINT WARNING * * *
Unknown command.
A swamp worm comes into view.
The spriggan rider hits you from afar with a +0 spear.
You die...
Your body rises from the dead as a mindless zombie.

.♣≈§♣ ≈≈≈♣ ≈≈≈. ♣.. ≈≈♣
≈≈♣ ♣.≈w ≈♣ ≈≈♣♣♣♣.§≈.
.# ♣.$.≈≈..≈♣
♣##...k.....##♣≈≈.≈§§§F.
♣# )....D... ♣≈.≈i≈≈§§≈♣
≈# #...k...##♣≈§≈≈≈☼§.♣
≈♣♣#.kDDDDD#♣○☼D@≈≈≈≈♣
≈≈≈##fDDDf##☼○D○≈.§≈.≈♣
♣≈.♣##.D.##♣§fD♣♣♣♣..≈♣
≈.≈≈≈##D##k§D°○♣ ≈...
..♣♣.≈..°§§♣D○♣.♣♣ ≈≈.
♣♣.≈♣≈♣≈♣≈.☼Z.≈≈.. ≈.
♣.≈≈§♣♣♣♣...≈≈..≈.♣ ≈
...≈§≈♣ ♣..≈≈.≈♣.♣♣
.≈≈≈≈≈♣ ♣♣.≈≈≈..♣♣


You could see a shambling mangrove, a six-headed hydra, 2 five-headed hydras, a
four-headed hydra (ally target), a swamp dragon, a spriggan rider, a goliath
frog (confused), a swamp worm, a swamp drake and a friendly seven-headed hydra
zombie.

Vanquished Creatures
  Frances (D:12)
  A fenstrider witch (Swamp:3)
  Kirke (D:12)
  A frost giant (IceCv)
  6 eleionomae
  A bunyip (Swamp:2)
  2 shambling mangroves
  A rakshasa (D:13)
  The ghost of kuniqs the Thaumaturge, a journeyman DECj of Vehumet (D:12)
  8 hydras
  Harold (D:10)
  A catoblepas (Lair:6)
  A death knight (D:15)
  10 death yaks
  3 centaur warriors
  The ghost of anet the Messenger, a novice HOCj of Beogh (D:7)
  3 dancing weapons
  4 alligators
  Urug (Lair:1)
  4 tengu warriors
  Nergalle (Orc:1)
  A goliath frog (Swamp:2)
  A spriggan rider (Swamp:4)
  A spriggan druid (Swamp:2)
  The ghost of Stonecrops the Covert, a novice KoHu (D:6)
  A bog body (Swamp:3)
  8 swamp dragons
  5 lindwurms
  An orc knight (D:15)
  2 deep elf pyromancers
  14 ugly things
  8 orc sorcerers
  6 cyclopes
  3 manticores
  4 black mambas
  An ice statue (IceCv)
  21 elephants
  A gargoyle (D:12)
  A torpor snail (Lair:3)
  14 cane toads
  An efreet (D:14)
  Psyche (D:11)
  2 kobold demonologists (D:13)
  8 rime drakes
  2 freezing wraiths (D:15)
  5 komodo dragons
  5 trolls
  6 bloated husks
  A meliai (shapeshifter) (D:13)
  A hornet (Swamp:3)
  Prince Ribbit (D:8)
  8 polar bears
  8 slime creatures
  6 tyrant leeches
  14 blink frogs
  A jumping spider (shapeshifter) (D:15)
  A spriggan (Swamp:3)
  5 wyverns
  A vampire (D:10)
  5 hogs (D:12)
  6 basilisks
  37 yaks
  7 vampire mosquitoes
  2 steam dragons (D:7)
  A warg (D:10)
  13 swamp worms
  A naga (Lair:3)
  An acid dragon (D:13)
  4 swamp drakes
  10 water moccasins
  14 orc warriors
  2 sky beasts
  6 black bears
  An ice beast (D:6)
  7 ogres
  7 boggarts
  32 wolves
  6 centaurs
  A phantom (D:7)
  A kobold brigand (D:13)
  15 bullfrogs
  4 gnoll sergeants
  4 scorpions
  4 killer bees (D:11)
  6 howler monkeys
  4 wights (D:7)
  3 centaur zombies
  4 gnoll shamans (D:5)
  14 orc priests
  7 hounds
  An iguana (D:5)
  29 orc wizards
  6 hell rats (Lair:6)
  2 killer bee zombies
  A hound skeleton (D:5)
  A hound zombie (D:5)
  A howler monkey zombie (D:8)
  31 gnolls
  A howler monkey skeleton (D:7)
  6 adders
  3 white imps
  A dart slug (D:1)
  A worm (D:4)
  46 orcs
  4 ball pythons
  6 endoplasms
  2 giant cockroaches
  5 goblins
  8 hobgoblins
  5 jackals (D:5)
  4 kobolds
  3 quokkas
  6 bats
  2 frilled lizards
  3 rats
  2 briar patches (Swamp:1)
633 creatures vanquished.

Vanquished Creatures (collateral kills)
  A thorn hunter (Swamp:1)
  A fire dragon (Swamp:2)
  5 hydras
  2 ogre magi (Orc:2)
  A catoblepas (Lair:2)
  A two-headed ogre (D:10)
  An alligator (Swamp:2)
  2 goliath frogs
  6 swamp dragons
  A bog body (Swamp:3)
  A lindwurm (Lair:6)
  An ugly thing (D:14)
  An orc sorcerer (Orc:2)
  A will-o-the-wisp (Swamp:1)
  3 elephants
  An eye of devastation (D:12)
  3 black mambas
  3 cane toads
  A rime drake (Lair:6)
  2 komodo dragons
  A polar bear (IceCv)
  3 blink frogs (Lair:3)
  6 tyrant leeches
  2 wraiths (D:15)
  7 yaks
  A vampire (D:13)
  2 swamp worms
  2 water moccasins
  An orc warrior (Orc:1)
  A black bear (D:10)
  A boggart (D:14)
  2 ogres (Orc:2)
  3 wolves
  2 centaurs (D:14)
  3 bullfrogs
  A gnoll sergeant (D:9)
  An electric eel (Lair:2)
  A hound (D:5)
  2 orc priests
  An iguana (D:5)
  6 orc wizards
  A hell rat (Lair:6)
  A howler monkey skeleton (D:5)
  5 gnolls
  2 adders
  A dart slug (D:4)
  7 orcs
  An endoplasm (D:3)
  A giant cockroach (D:2)
  A ball python (D:2)
  A bat (D:2)
  2 frilled lizards
  A kobold (D:2)
111 creatures vanquished.

Vanquished Creatures (others)
  Aizul (Swamp:4)
  A spectral stone giant (Swamp:4)
  A guardian serpent zombie (Swamp:4)
  An eleionoma zombie (Swamp:2)
  2 swamp worm zombies
  2 hydra zombies (Swamp:4)
  3 bloated husks
  A meliai zombie (D:13)
  3 vampire mosquitoes (Swamp:1)
  A swamp worm (Swamp:4)
  A cane toad zombie (Lair:3)
  3 swamp dragon zombies (Swamp:4)
  An elephant zombie (Lair:6)
  2 blink frog zombies
  2 vampire mosquito zombies
  A polar bear zombie (IceCv)
  2 yak zombies
  7 wolf zombies
  2 bullfrog zombies
  A black bear zombie (D:10)
  A spectral boggart (D:15)
  A scorpion zombie (D:10)
  A killer bee zombie (D:11)
  An ogre zombie (Orc:2)
  2 hound zombies
  A hell rat zombie (Lair:6)
  A steam dragon zombie (D:7)
  A swamp drake zombie (Swamp:4)
  8 gnoll zombies (D:5)
  2 jackal zombies (D:5)
  16 orc zombies
  A quokka zombie (D:4)
  A rat zombie (D:2)
  2 spectral endoplasms
  A briar patch (Swamp:1)
  119 fungi
  125 plants
  12 toadstools (Lair:2)
334 creatures vanquished.

Grand Total: 1078 creatures vanquished

Notes
Turn   | Place    | Note
-------+----------+-------------------------------------------
     0 | D:1      | Colgate the Minotaur Gladiator began the quest for the Orb.
     0 | D:1      | Reached XP level 1. HP: 18/18 MP: 0/0
   244 | D:1      | Reached XP level 2. HP: 25/25 MP: 1/1
   660 | D:1      | Found a faded altar of an unknown god.
   664 | D:1      | Prayed at the altar of an unknown god.
   664 | D:1      | Became a worshipper of Yredelemnul the Dark
   664 | D:1      | Reached * piety under Yredelemnul
   713 | D:2      | Identified the +6 flail of the Shore {freeze, rElec Str-5
                  | Int+3 Dex+3}
   737 | D:2      | Reached skill level 5 in Staves
   866 | D:2      | Reached XP level 3. HP: 30/30 MP: 2/2
   937 | D:2      | Identified the +3 dagger of Truncation {freeze, Drain rF+
                  | Str+2}
  1143 | D:2      | Reached XP level 4. HP: 37/37 MP: 3/3
  1148 | D:2      | Reached ** piety under Yredelemnul
  1663 | D:3      | Noticed Ijyb
  1664 | D:3      | Noticed Ijyb
  1664 | D:3      | Ijyb changed into Ijyb the howler monkey
  1673 | D:3      | Killed Ijyb the howler monkey
  1817 | D:3      | Reached XP level 5. HP: 34/42 MP: 4/4
  1952 | D:3      | Noticed a sky beast
  1960 | D:3      | Killed a sky beast
  2409 | D:4      | Reached XP level 6. HP: 46/50 MP: 5/5
  2777 | D:4      | Reached skill level 1 in Slings
  2946 | D:4      | Found a basalt altar of Yredelemnul.
  3136 | D:5      | Entered Level 5 of the Dungeon
  3160 | D:5      | Identified 3 scrolls of acquirement
  3164 | D:5      | Acquired the +1 cloak "Gess" {Harm rPois Str+8}
  3170 | D:5      | Acquired the +15 Maxwell's patent armour {-Cast -Tele rElec
                  | Will+ rCorr}
  3170 | D:5      | Found the +15 Maxwell's patent armour {-Cast -Tele rElec
                  | Will+ rCorr}
  3182 | D:5      | Acquired the ring of the Inquisitive Queens {rC+ Will+
                  | Str+2 Dex+3 Stlth-}
  3246 | D:5      | Reached XP level 7. HP: 54/56 MP: 6/6
  3348 | D:5      | Reached skill level 5 in Slings
  3686 | D:5      | Reached XP level 8. HP: 62/62 MP: 7/7
  3765 | D:5      | Found a glowing golden altar of the Shining One.
  3792 | D:5      | Found Gauteisme's General Store.
  3855 | D:5      | Bought a scroll of identify for 22 gold pieces
  3892 | D:5      | Found a white marble altar of Elyvilon.
  4028 | D:5      | Reached *** piety under Yredelemnul
  4413 | D:6      | Found a staircase to the Ecumenical Temple.
  4491 | D:6      | Found a runed translucent door.
  4495 | D:6      | Noticed Stonecrops's ghost (novice KoHu)
  4531 | D:6      | Found a hide-covered altar of Uskayaw.
  4666 | D:6      | Found an iron altar of Okawaru.
  5188 | D:7      | Gained mutation: You expend magic power (3 MP) to
                  | strengthen your wands. [potion of mutation]
  5188 | D:7      | Gained mutation: You are agile. (Dex +2) [potion of
                  | mutation]
  5330 | D:7      | Found a runed translucent gate.
  5330 | D:7      | Found a runed translucent gate.
  5330 | D:7      | Found a runed translucent gate.
  5331 | D:7      | Noticed anet's ghost (novice HOCj)
  5477 | D:7      | Noticed a deep elf pyromancer
  5478 | D:7      | Reached skill level 10 in Slings
  5482 | D:7      | Killed a deep elf pyromancer
  5483 | D:7      | Reached skill level 5 in Armour
  5483 | D:7      | Reached XP level 9. HP: 52/68 MP: 8/8
  6165 | D:7      | Killed anet's ghost
  6167 | D:7      | Reached skill level 2 in Long Blades
  6261 | D:6      | Reached skill level 3 in Long Blades
  6270 | D:6      | Killed Stonecrops's ghost
  6271 | D:6      | Reached skill level 4 in Long Blades
  6271 | D:6      | Reached XP level 10. HP: 75/77 MP: 9/9
  6324 | D:8      | Acquired a +5 hunting sling of freezing
  6549 | D:8      | Found a snail-covered altar of Cheibriados.
  6611 | D:8      | Found an ornate altar of the Wu Jian Council.
  6612 | D:8      | Noticed Prince Ribbit
  6614 | D:8      | Killed Prince Ribbit
  6749 | D:8      | Found Heiwaj's Weapon Shop.
  6870 | D:8      | Reached skill level 5 in Long Blades
  6891 | D:8      | Noticed Maurice
  6893 | D:8      | Noticed Maurice
  6893 | D:8      | Maurice changed into Maurice the ogre
  6896 | D:8      | Killed Maurice the ogre
  7110 | D:8      | Reached skill level 6 in Long Blades
  7135 | D:8      | Reached skill level 7 in Long Blades
  7280 | D:9      | Reached skill level 8 in Long Blades
  7447 | D:9      | Found a glowing silver altar of Zin.
  7447 | D:9      | Found an opulent altar of Gozag.
  7680 | D:9      | Reached skill level 9 in Long Blades
  7782 | D:9      | Found a stormy altar of Qazlal.
  8023 | D:9      | Reached **** piety under Yredelemnul
  8061 | D:10     | Entered Level 10 of the Dungeon
  8110 | D:10     | Reached skill level 10 in Long Blades
  8117 | D:10     | Found a staircase to the Lair.
  8128 | D:10     | Reached skill level 11 in Long Blades
  8210 | D:10     | Reached XP level 11. HP: 85/85 MP: 10/10
  8319 | D:10     | Noticed a two-headed ogre
  8326 | D:10     | Killed a two-headed ogre
  8327 | D:10     | Reached skill level 12 in Long Blades
  8522 | D:10     | Found a blossoming altar of Fedhas.
  8592 | D:10     | Found a staircase to the Orcish Mines.
  8842 | D:10     | Reached ***** piety under Yredelemnul
  8885 | D:10     | Noticed Harold
  8890 | D:10     | Killed Harold
  9011 | D:10     | Found a burning altar of Makhleb.
  9028 | D:10     | Reached skill level 13 in Long Blades
  9232 | D:11     | Noticed Psyche
  9240 | D:11     | Killed Psyche
  9451 | D:11     | Reached skill level 14 in Long Blades
 10442 | D:12     | Noticed Frances
 10449 | D:12     | HP: 3/85 [Frances/iron shot (67)]
 10451 | D:12     | Killed Frances
 10451 | D:12     | Noticed a cyan ugly thing
 10452 | D:12     | Reached skill level 15 in Long Blades
 10462 | D:12     | Killed a cyan ugly thing
 10669 | D:12     | Noticed a two-headed ogre
 10671 | D:12     | a two-headed ogre changed into an eye of devastation
 10847 | D:12     | Identified the +9 quarterstaff "Saonav" {vorpal, Str+5}
 10907 | D:12     | Noticed Kirke
 10921 | D:12     | Reached skill level 16 in Long Blades
 10929 | D:12     | Killed Kirke
 10930 | D:12     | Reached XP level 12. HP: 77/92 MP: 2/11
 10964 | D:12     | Reached ****** piety under Yredelemnul
 11167 | D:12     | Found a runed translucent door.
 11167 | D:12     | Found a shimmering altar of Xom.
 11167 | D:12     | Identified the +5 dire flail of Osie {chaos, Drain Fly
                  | rElec Will++}
 11167 | D:12     | Noticed kuniqs's ghost (journeyman DECj)
 11480 | D:12     | Reached skill level 17 in Long Blades
 11482 | D:12     | Killed kuniqs's ghost
 11495 | D:12     | Identified the +8 hand crossbow "Edinwogu" {freeze, rC++
                  | Int+3}
 11666 | D:12     | Found the ring of the Tortoise {AC+8}
 11868 | D:13     | Noticed a tengu warrior
 11878 | D:13     | Killed a tengu warrior
 12089 | D:13     | Reached skill level 18 in Long Blades
 12099 | D:13     | Reached skill level 1 in Invocations
 12104 | D:13     | Reached skill level 5 in Fighting
 12105 | D:13     | Found a frozen archway.
 12124 | IceCv    | Entered an ice cave
 12183 | IceCv    | Noticed a death yak
 12184 | IceCv    | Noticed a death yak
 12193 | IceCv    | Killed a death yak
 12204 | IceCv    | Killed a death yak
 12386 | IceCv    | Noticed a death yak
 12391 | IceCv    | Noticed a death yak
 12396 | IceCv    | Killed a death yak
 12399 | IceCv    | Killed a death yak
 12400 | IceCv    | Reached skill level 19 in Long Blades
 12679 | IceCv    | Noticed a death yak
 12691 | IceCv    | Killed a death yak
 12726 | IceCv    | Noticed a death yak
 12728 | IceCv    | Reached XP level 13. HP: 92/102 MP: 3/12
 12851 | IceCv    | Noticed a frost giant
 12866 | IceCv    | Killed a frost giant
 12879 | IceCv    | Reached skill level 20 in Long Blades
 13673 | D:13     | Found an ancient bone altar of Kikubaaqudgha.
 13940 | Lair:1   | Entered Level 1 of the Lair of Beasts
 14342 | Lair:1   | Noticed Urug
 14349 | Lair:1   | Killed Urug
 14794 | Lair:2   | Reached skill level 21 in Long Blades
 15509 | Lair:2   | Found the +5 scythe "Finisher" {speed, eviscerate}
 15512 | Lair:2   | Upgraded the game from 0.28-a0-1568-g77cbbf62ba to
                  | 0.28-a0-1622-gc30f734a66
 15530 | Lair:2   | Found a runed translucent door.
 16048 | Lair:3   | Found a staircase to the Snake Pit.
 16246 | Lair:3   | Reached skill level 1 in Stealth
 16324 | Lair:3   | Reached XP level 14. HP: 94/119 MP: 14/14
 16336 | Lair:3   | Reached skill level 10 in Fighting
 17304 | Lair:4   | Reached skill level 10 in Armour
 17330 | Lair:4   | Found a staircase to the Swamp.
 18040 | Lair:5   | Found a staircase to the Slime Pits.
 18040 | Lair:5   | Found a viscous altar of Jiyva.
 18772 | Lair:6   | Entered Level 6 of the Lair of Beasts
 19946 | Orc:1    | Entered Level 1 of the Orcish Mines
 20150 | Orc:2    | Entered Level 2 of the Orcish Mines
 20278 | Orc:2    | Identified the +1 plate armour of Insurance {Rampage rPois
                  | Will+++ Str-5}
 20347 | Orc:2    | Paralysed by an orc sorcerer for 2 turns
 20518 | Orc:2    | Found a staircase to the Elven Halls.
 20653 | Orc:2    | Found Pimulido's Magic Scroll Shoppe.
 20707 | Orc:2    | Found an ancient bone altar of Kikubaaqudgha.
 20712 | Orc:2    | Reached XP level 15. HP: 134/138 MP: 15/15
 20712 | Orc:2    | Found Zethric's Antique Weapon Shoppe.
 20735 | Orc:2    | Reached skill level 15 in Fighting
 20744 | Orc:2    | Paralysed by an ogre mage for 2 turns
 20820 | Orc:2    | Found a radiant altar of Vehumet.
 20858 | Orc:2    | Found Eghus's Distillery.
 20904 | Orc:2    | Found Taheh's Jewellery Emporium.
 21237 | Orc:1    | You fall into a shaft and drop 1 floor!
 21401 | Orc:1    | Noticed Nergalle
 21406 | Orc:1    | Killed Nergalle
 22024 | D:14     | Found a gate to the Vaults.
 22227 | D:14     | Reached skill level 1 in Shields
 22483 | D:14     | Reached skill level 5 in Shields
 23392 | D:15     | Entered Level 15 of the Dungeon
 24369 | D:15     | Found a staircase to the Depths.
 24847 | Swamp:1  | Entered Level 1 of the Swamp
 25037 | Swamp:1  | Noticed a thorn hunter
 25048 | Swamp:1  | Killed a thorn hunter
 26102 | Orc:2    | Bought a scroll of fear for 38 gold pieces
 26102 | Orc:2    | Bought a scroll of identify for 22 gold pieces
 26102 | Orc:2    | Bought a scroll of brand weapon for 220 gold pieces
 26102 | Orc:2    | Bought a scroll of enchant armour for 82 gold pieces
 26508 | Swamp:2  | Identified the +2 ring mail of Marbles {Harm rN+}
 26769 | Swamp:2  | Reached XP level 16. HP: 159/159 MP: 16/16
 27794 | Swamp:4  | Entered Level 4 of the Swamp
 27799 | Swamp:4  | Noticed Aizul
 27807 | Swamp:4  | Killed Aizul
 27966 | Swamp:4  | Noticed Roxanne
 28379 | Swamp:4  | Your ally Aizul died
 28404 | Swamp:4  | HP: 6/165 [five-headed hydra (8)]
 28405 | Swamp:4  | HP: 1/165 [spriggan rider (6)]
 28406 | Swamp:4  | Slain by a spriggan rider

Illustrated notes

Levels and vault maps discovered:
D:1:      ebering_hopf_link, layout_loops_cross,
          shapermc_ecumenical_altar_petra, minmay_misc_feat_tiny
D:2:      layout_basic, minivault_5, minmay_liquid_box
D:3:      layout_basic, uniq_ijyb
D:4:      layout_basic, mainiacjoe_overflow_tiny_flanked,
          minmay_misc_feat_more_columns
D:5:      layout_cave_pools, elyvilon_altar_1, mainiacjoe_overflow_alcove_2,
          serial_gnoll_camp, gnoll_camp_mini_basic, gnoll_camp_mini_hut,
          gnoll_camp_huts_moat, gnoll_camp_mini_shop, gnoll_camp_mini_hut,
          gnoll_camp_mini_basic, kennysheep_generic_room_3
D:6:      layout_basic, lemuel_crystal_altar, old_standard_altar,
          minmay_temple_entry_statues_fountains, ebering_ghost_sewer_d
D:7:      wander_river, layout_basic, gammafunk_ghost_split
D:8:      layout_loops_ring, kennysheep_little_box,
          mainiacjoe_overflow_six_doors_small, serial_shops,
          nicolae_shop_bloodbath_and_beyond, uniq_maurice, uniq_prince_ribbit1
D:9:      layout_long_grid, grunt_temple_overflow_gold_and_silver,
          nicolae_qazlal_eye_of_the_storm, grunt_decor_one_mirror,
          grunt_ministairs_7
D:10:     layout_roguey, amcnicky_altar_gilded, fedhas_altar_2,
          due_lair_maze_entry_diamond, david_orc_1_choice, uniq_harold
D:11:     layout_loops_ring, serial_rivers, chequers_serial_rivers_small_a,
          chequers_serial_rivers_room_b, chequers_serial_rivers_small_3,
          chequers_serial_rivers_micro_b, chequers_serial_rivers_micro_c,
          item_on_display_a, uniq_psyche
D:12:     layout_gridville, ebering_ghost_xom, columned_hall_lemuel,
          uniq_frances, uniq_kirke
D:13:     layout_basic, portal_ice_cave_rime, kiku_gazebo_pond_becter
D:14:     layout_roguey, erik_vaults_1, serial_aquarium,
          aquarium_bridge_straight [aquarium_subvault_bridge,
          aquarium_subvault_wall, aquarium_subvault_bridge,
          aquarium_subvault_window], aquarium_bridge_straight
          [aquarium_subvault_bridge, aquarium_subvault_window,
          aquarium_subvault_bridge, aquarium_subvault_balcony],
          aquarium_window_corner, aquarium_window_1, aquarium_view_2e,
          aquarium_view_2c, lightli_corner_chamber
D:15:     grunt_enter_depths_snipers, layout_loops_corners, corexii_corridor_pit
Lair:1:   layout_roguey, st_stairs_8, grunt_megastairs_3, lemuel_fruit_tree,
          infiniplex_staircase_pool_2, uniq_urug
Lair:2:   gammafunk_lair_enchanted_lake, layout_gridlike
Lair:3:   layout_chaotic_city, guppyfry_snake_entry_island, st_stairs_8,
          nzn_random_ring
Lair:4:   layout_gridlike, swamp_mist
Lair:5:   layout_roguey, slime_altar_1, kennysheep_basilisk_garden,
          grunt_megastairs_1
Lair:6:   grunt_lair_end_beastmaster, layout_gridlike
Swamp:1:  layout_falls_marsh, nicolae_swamp_small_spring, swamp_pool2
Swamp:2:  layout_basic_swamp, nicolae_swamp_round_clearing, swamp_pool2,
          hangedman_swamp_double_dragon
Swamp:3:  layout_basic_swamp, nicolae_swamp_triple_paths, swamp_pool1
Swamp:4:  swamp, layout_basic_swamp, swamp_pool1, roderic_carrion_pond,
          uniq_aizul, uniq_roxanne
Orc:1:    layout_caves, uniq_nergalle
Orc:2:    kennysheep_orc_mage_school, layout_caves,
          dreamdust_deal_with_the_devil

Skill      XL: |  1  2  3  4  5  6  7  8  9 10 11 12 13 14 15 16 |
---------------+-------------------------------------------------+-----
Staves         | 4 5 6 7 8 |  8.3
Armour         | 2 5 8 11 | 11.0
Slings         | 3 6 10 12 | 12.2
Fighting       | 3 4 6 9 14 18 20 | 20.9
Long Blades    | 4 11 16 19 21 | 21.0
Invocations    | 1 2 |  2.1
Stealth        | 1 |  1.2
Shields        | 7 |  7.0
Throwing       | |  2.0
Dodging        | |  3.2

Action                   |  1- 3 |  4- 6 |  7- 9 | 10-12 | 13-15 | 16-18 || total
-------------------------+-------+-------+-------+-------+-------+-------++-------
Melee: Quarterstaff      |    37 |    51 |   114 |       |       |       ||   202
       Headbutt          |    11 |     7 |    20 |    35 |    82 |    14 ||   169
       Great sword       |       |       |    24 |   196 |   350 |       ||   570
       Scimitar          |       |       |       |       |    80 |    76 ||   156
 Fire: Hunting sling     |       |    79 |   161 |   122 |   443 |    66 ||   871
Throw: Stone             |    33 |     8 |       |       |       |       ||    41
       Javelin           |       |       |     1 |     8 |    14 |       ||    23
       Throwing net      |       |       |     1 |     1 |       |       ||     2
Invok: Dark Bargain      |       |       |     1 |     4 |     1 |     1 ||     7
       Bind Soul         |       |       |       |     2 |     7 |       ||     9
       Recall Undead Har |       |       |       |       |     4 |       ||     4
       Drain Life        |       |       |       |       |       |     1 ||     1
Evoke: Wand              |       |     7 |     4 |    11 |     4 |       ||    26
       Tin of tremorston |       |       |       |     2 |       |     2 ||     4
       Condenser vane    |       |       |       |     1 |       |     1 ||     2
  Use: Scroll            |       |     7 |     4 |    14 |    12 |     2 ||    39
       Potion            |       |       |     1 |     2 |     3 |       ||     6
 Stab: Distracted        |       |       |     3 |     5 |    11 |     1 ||    20
Armor: Leather armour    |     3 |    15 |       |       |       |       ||    18
       Plate armour      |       |     7 |    78 |   164 |   293 |   137 ||   679
Dodge: Dodged            |    15 |    22 |    57 |    87 |   143 |    46 ||   370
Block: Other             |     1 |    11 |    27 |    58 |    60 |       ||   157
       Reflection        |       |     1 |     2 |     6 |     7 |     2 ||    18
       Buckler           |       |       |       |       |    33 |    72 ||   105

Table legend: (Time is in decaauts)
 A = Elapsed time spent in this place.
 B = Non-inter-level travel time spent in this place.
 C = Inter-level travel time spent in this place.
 D = Time resting spent in this place.
 E = Time spent auto-exploring this place.
 F = Levels seen in this place.
 G = Mean time per level.
                   A        B        C        D        E       F      G
               +--------+--------+--------+--------+--------+-----+--------+
         Total |  33453 |  30548 |   2905 |   1573 |  24795 |  28 | 1194.8 |
       Dungeon |  18450 |  16725 |   1725 |    758 |  13671 |  15 | 1230.0 |
          Lair |   7596 |   6894 |    702 |    100 |   6000 |   6 | 1266.0 |
         Swamp |   3919 |   3755 |    164 |    690 |   2548 |   4 |  979.8 |
  Orcish Mines |   2314 |   2001 |    313 |      0 |   1649 |   2 | 1157.0 |
      Ice Cave |   1172 |   1172 |      0 |     25 |    925 |   1 | 1172.0 |
               +--------+--------+--------+--------+--------+-----+--------+

Top non-repeatable levels by time:
    D:11: 2025 daAuts
  Lair:3: 1692 daAuts
    D:12: 1669 daAuts
  Lair:2: 1576 daAuts
   Orc:2: 1537 daAuts
    D:10: 1537 daAuts
    D:15: 1447 daAuts
 Swamp:1: 1396 daAuts
    D:14: 1380 daAuts
     D:5: 1367 daAuts
     D:7: 1310 daAuts
     D:2: 1188 daAuts
  Lair:6: 1178 daAuts
   IceCv: 1172 daAuts
  Lair:5: 1171 daAuts
